 Dungeon Crawl Stone Soup version 0.30.1-4-g462c640d31 (webtiles) character file.

Game seed: 17621366211838252363

820 Zeor the Twirler (level 7, 0/42 HPs)
             Began as a Gargoyle Gladiator on Aug 21, 2023.
             Was a Believer of Zin.
             Slain by a vampire mosquito (8 damage)
             ... on level 5 of the Dungeon.
             The game lasted 00:12:40 (3961 turns).

Zeor the Twirler (Gargoyle Gladiator)               Turns: 3961, Time: 00:12:41

Health: 0/42       AC: 12    Str: 19    XL:     7   Next: 95%
Magic:  8/8        EV: 10    Int:  9    God:    Zin [**....]
Gold:   133        SH:  0    Dex: 11    Spells: 6/6 levels left

rFire   . . .        a - +0 quarterstaff (heavy)
rCold   . . .        (shield currently unavailable)
rNeg    + . .        m - +0 scale mail
rPois   ∞            c - +0 helmet
rElec   +            (no cloak)
rCorr   .            (no gloves)
SInv    .            (no boots)
Will    +....        n - amulet of regeneration Stlth
                     q - +4 ring of slaying
HPRegen 1.07/turn    u - ring of willpower
MPRegen 0.11/turn

%: no passive effects
@: on recite cooldown
A: sickness immunity, AC +4, negative energy resistance 1, electricity
resistance, torment resistance 1, petrification resistance
a: Renounce Religion, Recite, Vitalisation, Donate Gold


You were on level 5 of the Dungeon.
You worshipped Zin.
Zin was pleased with you.
You visited 2 branches of the dungeon, and saw 7 of its levels.
You also visited: Sewer.

You collected 270 gold pieces.
You donated 137 gold pieces to Zin.

Inventory:

Hand Weapons
 a - a +0 heavy quarterstaff (weapon)
 b - a +1 whip of flaming
Missiles
 d - 3 throwing nets (quivered)
 e - 4 javelins
 l - 4 atropa-tipped darts
 t - 5 poisoned darts
Armour
 c - a +0 helmet (worn)
 m - a +0 scale mail (worn)
Jewellery
 n - an amulet of regeneration (around neck)
 q - a +4 ring of slaying (left hand)
 r - a ring of resist corrosion
 u - a ring of willpower (right hand)
 v - a ring of ice
Scrolls
 f - 2 scrolls of teleportation
Potions
 g - 4 potions of cancellation
 h - 2 potions of mutation
 i - 3 potions of brilliance
 j - a potion of invisibility {unknown}
 k - 4 potions of heal wounds
 o - a potion of lignification {unknown}
 p - 4 potions of curing {unknown}
 s - a potion of attraction {unknown}


   Skills:
 + Level 3.9 Fighting
 + Level 6.5 Staves
 + Level 2.7 Throwing
 + Level 3.7 Armour
 + Level 3.1 Dodging
 + Level 0.7 Stealth
 * Level 2.3 Invocations


You had 6 spell levels left.
You didn't know any spells.
Your spell library contained the following spells:

 Spells                   Type           Power      Damage    Failure   Level
 Summon Small Mammal      Summ           0%         N/A       75%         1
 Dazzling Flash           Conj/Hex       0%         N/A       98%         3
 Volatile Blastmotes      Fire/Tloc      0%         2d10      98%         3
 Iskenderun's Mystic Bla  Conj/Tloc      0%         2d3       100%        4
 Petrify                  Tmut/Erth      0%         N/A       100%        4
 Metabolic Englaciation   Hex/Ice        0%         N/A       100%        5
 Starburst                Conj/Fire      0%         6d3       100%        6
 Statue Form              Tmut/Erth      Unusable   N/A       N/A         6

Dungeon Overview and Level Annotations

Branches:
Dungeon (6/15)             Temple (1/1) D:4           Sewer (visited)

Altars:
Cheibriados
Fedhas
Kikubaaqudgha
Nemelex Xobeh
Okawaru
Qazlal
Sif Muna
Vehumet
Xom
Zin


Innate Abilities, Weirdness & Mutations

You are immune to sickness and miasma.
Your stone body is resilient. (AC +4)
You are immune to poison.
You resist negative energy. (rN+)
You are resistant to electric shocks. (rElec)
You are resistant to unholy torment.
You are immune to petrification.


Message History

The adder barely misses you.
The howler monkey hoots and howls with incredible vigour!
The centaur wields a +0 shortbow.
The centaur shoots an arrow.
The arrow hits you. The adder closely misses you.
You hear a shout!
You hear an angry buzzing noise.
You hear a shout! x2
The howler monkey attacks as you move away!
The howler monkey hits you.
The centaur shoots an arrow.
The arrow hits you but does no damage.
A vampire mosquito comes into view.
The howler monkey attacks as you move away!
The howler monkey barely misses you.
The howler monkey hoots and howls with incredible vigour!
The vampire mosquito bites you. The adder bites you but does no damage.
You hear an angry growl. x2
There is a stone staircase leading up here.
The vampire mosquito bites you but does no damage.
The adder bites you but does no damage.
The vampire mosquito completely misses you.
You climb upwards.
There is a stone staircase leading down here.
You barely miss the vampire mosquito. The vampire mosquito bites you!
The adder bites you but does no damage. The vampire mosquito bites you.
The adder closely misses you.
The vampire mosquito closely misses you.
You bludgeon the vampire mosquito!!
The vampire mosquito is severely damaged.
The vampire mosquito bites you! The adder barely misses you.
The vampire mosquito bites you but does no damage.
The adder bites you but does no damage. The vampire mosquito bites you.
You closely miss the vampire mosquito.
The vampire mosquito is severely damaged.
The vampire mosquito bites you!
* * * LOW HITPOINT WARNING * * *
The adder misses you.
The vampire mosquito bites you but does no damage.
The adder closely misses you.
You barely miss the vampire mosquito.
The vampire mosquito is severely damaged.
The vampire mosquito bites you!
You die...

▒∙∙∙∙∙♣♣ ▒∙▒▒∙∙∙∙∙∙∙∙∙[▒ ▒∙▒▒▒∙
∙∙∙∙∙▒▒▒▒▒∙▒∙∙∙∙∙∙∙∙∙∙∙▒ ▒∙▒▒∙∙
>∙∙∙∙∙∙∙∙▒∙▒∙∙∙∙∙∙∙∙<∙∙▒ ▒)▒▒∙∙
∙∙∙∙∙∙∙∙∙▒∙∙∙∙▒▒▒▒∙∙∙∙∙▒▒▒▒▒)▒▒∙∙
▒∙▒▒∙∙∙∙∙▒∙∙∙▒▒ ▒▒▒∙∙∙∙∙∙∙∙∙)∙∙∙
▒∙▒▒▒∙∙∙∙∙∙∙∙▒▒▒▒▒▒▒∙∙∙∙∙∙∙▒∙▒)∙∙
▒▒∙∙▒∙∙∙∙∙∙∙∙∙∙∙∙∙∙∙∙∙∙∙∙∙∙∙∙▒∙∙∙
∙▒▒∙▒∙∙∙∙∙∙∙∙▒▒▒▒▒▒▒▒▒▒▒▒▒▒▒▒▒∙∙∙
▒∙▒∙▒∙∙∙∙∙∙∙∙∙∙y9∙∙▒ ▒∙▒∙
▒▒∙▒▒∙(∙∙∙∙∙∙∙∙S∙∙∙▒ ▒▒∙▒▒
∙▒▒∙▒∙∙∙∙∙∙∙∙∙∙∙∙∙∙▒ ▒▒▒▒▒∙∙▒▒
▒∙▒∙▒∙∙∙∙∙∙∙∙∙∙∙∙∙∙▒▒▒▒▒▒∙∙∙∙∙▒▒
▒▒∙∙▒∙∙∙∙∙∙∙∙∙∙∙∙∙∙∙∙∙∙∙∙∙▒▒▒▒▒
∙▒▒▒▒∙∙∙∙∙∙∙∙∙∙∙∙∙∙▒▒▒▒▒▒▒▒
▒▄▒▒∙∙<∙∙∙∙∙∙∙▒▒▒∙∙∙∙▒▒
▒▒▒∙∙∙∙∙∙∙∙∙∙▒▒▒▒▒▒▒∙∙▒
∙∙∙∙∙▒▒∙∙∙▒^∙∙∙∙∙∙▒▒▒∙▒ ▒▒▒


You could see a vampire mosquito and an adder.

Vanquished Creatures
  A phantom (D:5)
  A scorpion (D:6)
  A hound (D:4)
  4 jellies (Sewer)
  2 sleepcaps (D:5)
  2 iguanas
  5 orc wizards (D:3)
  3 gnolls (D:5)
  15 adders
  3 river rats (Sewer)
  A white imp (D:5)
  4 worms
  A dart slug (D:2)
  6 orcs
  17 endoplasms
  7 giant cockroaches
  7 goblins
  3 hobgoblins
  8 jackals
  3 quokkas
  3 ball pythons
  4 frilled lizards
  4 kobolds
  7 rats
112 creatures vanquished.

Notes
Turn   | Place    | Note
-------+----------+-------------------------------------------
     0 | D:1      | Zeor the Gargoyle Gladiator began the quest for the Orb.
     0 | D:1      | Reached XP level 1. HP: 12/12 MP: 1/1
   275 | D:1      | Reached XP level 2. HP: 17/17 MP: 2/2
   781 | D:2      | Reached XP level 3. HP: 21/22 MP: 3/3
  1063 | D:2      | Found a shimmering altar of Xom.
  1391 | D:2      | Reached skill level 4 in Staves
  1391 | D:2      | Reached skill level 1 in Armour
  1391 | D:2      | Reached XP level 4. HP: 27/27 MP: 4/4
  1685 | D:3      | Found a glowing drain.
  1741 | D:3      | Found an ancient bone altar of Kikubaaqudgha.
  1750 | D:3      | Found a shimmering blue altar of Sif Muna.
  1769 | D:3      | Reached XP level 5. HP: 18/32 MP: 5/5
  1777 | D:3      | Got Sif Muna's Folio of Apparitions
  1827 | D:3      | Reached skill level 5 in Staves
  1830 | D:3      | Reached XP level 6. HP: 37/37 MP: 6/6
  1836 | Sewer    | Entered a sewer
  2115 | Sewer    | Found a viscous altar of Jiyva.
  2722 | D:3      | Found a radiant altar of Vehumet.
  2903 | D:4      | Found a staircase to the Ecumenical Temple.
  2911 | Temple   | Entered the Ecumenical Temple
  2956 | Temple   | Became a worshipper of Zin the Law-Giver
  2956 | Temple   | Reached * piety under Zin
  2983 | D:4      | Reached XP level 7. HP: 42/42 MP: 7/7
  3127 | D:4      | Reached skill level 1 in Invocations
  3344 | D:5      | Entered Level 5 of the Dungeon
  3353 | D:5      | Reached skill level 6 in Staves
  3415 | D:5      | Reached ** piety under Zin
  3428 | D:5      | Donated 110 gold pieces to Zin
  3684 | D:5      | Found a shimmering altar of Xom.
  3950 | D:6      | Noticed a vampire mosquito
  3954 | D:6      | Noticed a vampire mosquito
  3961 | D:5      | Slain by a vampire mosquito

Illustrated notes

Levels and vault maps discovered:
D:1:      psy_arrival_terrarium, layout_loops_ring
D:2:      layout_basic, basic_altar
D:3:      layout_loops_ring, palyth_temple_overflow_mages,
          gup_sewer_entry_glass, chequers_serial_rivers_marsh,
          grunt_ministairs_12, kennysheep_generic_room_4
D:4:      layout_rooms, minmay_temple_entry_ruins
D:5:      layout_rooms, marbit_many_paths, kennysheep_nub
D:6:      layout_cave_pools, bloody_trog,
          chequers_temple_overflow_statue_of_worship,
          lemuel_coloured_pillars_altar
Temple:   hellmonk_temple_rainy

Skill      XL: |  1  2  3  4  5  6  7 |
---------------+----------------------+-----
Staves         | 4 5 6 |  6.5
Armour         | 1 2 3 |  3.7
Throwing       | 2 |  2.7
Fighting       | 3 |  3.9
Dodging        | 3 |  3.1
Invocations    | 2 |  2.3
Stealth        | |  0.7

Action                     |  1- 3 |  4- 6 |  7- 9 || total
---------------------------+-------+-------+-------++-------
  Melee: Quarterstaff      |    95 |   145 |    88 ||   328
 Invoke: Recite            |       |       |     2 ||     2
         Donate Gold       |       |       |     1 ||     1
    Use: Scroll            |     6 |     2 |     2 ||    10
         Potion            |       |     4 |       ||     4
 Armour: Leather armour    |    15 |       |       ||    15
         Ring mail         |    11 |       |       ||    11
         Scale mail        |     3 |    73 |    46 ||   122
  Dodge: Dodged            |    56 |    65 |    65 ||   186
